 Dungeon Crawl Stone Soup version 0.16-a0-791-gf1c67de (webtiles) character file.

16408 PolkaDot the Summoner (level 12, -8/74 HPs)
             Began as a Vampire Summoner on Sept 28, 2014.
             Was the Champion of Sif Muna.
             Mangled by an eight-headed hydra (17 damage)
             ... on Level 6 of the Lair of Beasts.
             The game lasted 01:24:31 (19143 turns).

PolkaDot the Summoner (Vampire Summoner)           Turns: 19143, Time: 01:24:31

HP  -8/74        AC 13     Str  7      XL: 12   Next:  9%
MP   4/25        EV 12     Int 21      God: Sif Muna [******]
Gold 1104        SH  0     Dex 14      Spells:  5 memorised,  2 levels left

rFire  . . .     SeeInvis +     J - +0 quarterstaff (freeze)
rCold  + . .     Clarity  .     O - +0 robe "Iklos" {Slay+5}
rNeg   + . .     rCorr    .     (no shield)
rPois  .         rRot     .     z - +2 helmet
rElec  .         Spirit   .     b - +0 cloak
SustAb .         Warding  +     u - +2 pair of gloves
rMut   .         Stasis   .     j - +0 pair of boots
Gourm  .                        n - amulet of warding
MR     +....                    v - +3 ring of protection
                                p - ring of protection from cold

@: regenerating quickly, somewhat resistant to hostile enchantments, fairly
stealthy
A: bottle blood, fangs 3, see invisible, unbreathing
a: Bottle Blood, Channel Energy, Forget Spell, Renounce Religion


You were on level 6 of the Lair of Beasts.
You worshipped Sif Muna.
Sif Muna was exalted by your worship.
You were very full.

You visited 2 branches of the dungeon, and saw 15 of its levels.
You also visited: Sewer.

You collected 1104 gold pieces.

Inventory:

Hand weapons
 J - a +0 quarterstaff of freezing (weapon)
Armour
 b - a +0 cloak (worn)
 j - a +0 pair of boots (worn)
 u - a +2 pair of gloves (worn)
 z - a +2 helmet (worn)
 O - the cursed +0 robe "Iklos" (worn) {Slay+5}
   (You found it on level 5 of the Lair of Beasts)

   It affects your accuracy and damage with ranged weapons and melee attacks
   (+5).
   It has a curse placed upon it.
Magical devices
 e - a wand of fireball (3)
 o - a wand of random effects (19)
 t - a wand of slowing (12)
 B - a wand of magic darts (5)
 C - a wand of draining (4)
 F - a wand of digging (7)
 G - a wand of enslavement (4) {unknown}
Scrolls
 c - 4 scrolls of immolation
 d - 7 scrolls of remove curse
 f - 4 scrolls of fear
 g - 3 scrolls of enchant weapon
 k - 2 scrolls of enchant armour
 l - 3 scrolls of recharging
 m - 3 scrolls of fog
 q - 2 scrolls of blinking
 r - 6 scrolls of teleportation
 y - 2 scrolls of magic mapping
 H - a scroll of torment
 I - a scroll of silence
 N - a scroll of holy word {unknown}
Jewellery
 n - an amulet of warding (around neck)
 p - a ring of protection from cold (left hand)
 v - a +3 ring of protection (right hand)
 L - an uncursed ring of positive energy
Potions
 h - 3 potions of agility
 i - a potion of cure mutation {!q}
 s - a potion of haste
 w - 3 potions of might
 x - 3 potions of magic
 A - 3 potions of restore abilities
 D - a potion of brilliance
 K - 2 potions of blood {@*1}
Books
 a - a book of Enchantments

   Spells                             Type                      Level
   Tukima's Dance                     Hexes                        3
   Cause Fear                         Hexes                        4
   Silence                            Hexes/Air                    5
   Deflect Missiles                   Charms/Air                   6
   Haste                              Charms                       6
   Discord                            Hexes                        8
Magical staves
 E - an uncursed staff of wizardry


   Skills:
 - Level 3.5 Staves
 - Level 2.1 Dodging
 - Level 3.3 Stealth
   Level 1.3 Shields
 - Level 5.6 Spellcasting
 - Level 8.0 Hexes
 + Level 6.1 Charms
 + Level 12.8 Summonings
 * Level 4.3 Necromancy
 - Level 6.9 Ice Magic
 - Level 6.4 Air Magic
 - Level 2.5 Invocations


You had 2 spell levels left.
You knew the following spells:

 Your Spells              Type           Power        Failure   Level  Hunger
g - Summon Guardian Gole  Hex/Summ       #####...     1%          4    ####...
i - Summon Ice Beast      Ice/Summ       #####...     1%          4    ####...
r - Regeneration          Chrm/Necr      ####......   3%          3    ##.....
s - Summon Lightning Spi  Summ/Air       #####...     1%          4    ####...
v - Summon Mana Viper     Hex/Summ       #####...     4%          5    #####..


Dungeon Overview and Level Annotations

Branches:
Dungeon (9/15)             Temple (0/1) D:7            Lair (6/8) D:8
  Snake (0/5) Lair:4
    Orc: D:9-12       Swamp: Lair:3-6    Shoals: Lair:3-6     Slime: Lair:6-8

Altars:
Ashenzari
Cheibriados
Elyvilon
Okawaru
Sif Muna
Xom
Yredelemnul
Zin


Innate Abilities, Weirdness & Mutations

Your natural rate of healing is unusually fast.
You can bottle blood from corpses.
You have razor-sharp teeth.
You have supernaturally acute eyesight.
You can survive without breathing.


Message History

* * * LOW HITPOINT WARNING * * *
The eight-headed hydra misses you. The eight-headed hydra bites you!
* * * LOW HITPOINT WARNING * * *
The eight-headed hydra bites you but does no damage. x2
Your ice beast hits the eight-headed hydra.
Your ice beast freezes the eight-headed hydra!
Your ice beast closely misses the eight-headed hydra.
You thump the eight-headed hydra! You freeze the eight-headed hydra.
The eight-headed hydra is severely wounded.
The eight-headed hydra bites you!
* * * LOW HITPOINT WARNING * * *
The eight-headed hydra bites you!
* * * LOW HITPOINT WARNING * * *
The eight-headed hydra bites you but does no damage.
The eight-headed hydra bites you!
* * * LOW HITPOINT WARNING * * *
The eight-headed hydra closely misses you.
The eight-headed hydra bites you but does no damage.
The eight-headed hydra bites you!
You die...

##.......#..........#
##.......###.)......#
#.........#.........##
.........#.............
..........#.............
..........#P............
..........#.....S....#
P......>.+.....SYDY.#
#.........#....Y@...#
#.###.P.##.#....#.###
####..##.##.....###
########..P...# #.....##
#.....# #P...P# ##...##
#...#


You could see an eight-headed hydra, 2 friendly mana vipers and 3 friendly ice
beasts.

Vanquished Creatures
  A black mamba (Lair:6)
  2 elephants (Lair:6)
  A fire drake (Lair:6)
  Prince Ribbit (D:8)
  A blink frog (Lair:6)
  4 yaks
  3 hippogriffs
  2 water moccasins
  A wolf (Lair:1)
  5 porcupines
  An ice beast (D:7)
  A sky beast (D:8)
  2 ogres
  3 crocodiles
  Sigmund (D:5)
  2 centaurs
  8 giant frogs
  2 scorpions
  6 hounds
  A giant frog zombie (D:5)
  A jelly (D:5)
  An iguana (Lair:3)
  2 orc priests
  9 orc wizards
  3 worker ants
  4 sheep
  A sky beast zombie (D:5)
  12 adders
  7 green rats
  2 giant mites (D:7)
  2 worms
  An adder zombie (D:6)
  An iguana skeleton (D:6)
  2 giant geckos
  14 orcs
  3 ball pythons
  17 bats
  2 giant cockroaches
  10 goblins
  12 hobgoblins
  2 jackals (D:4)
  6 kobolds
  7 quokkas
  12 giant newts
  A hobgoblin skeleton (D:9)
  A hobgoblin zombie (D:6)
  2 kobold skeletons
  An orc skeleton (D:8)
  An orc zombie (D:8)
  A quokka skeleton (D:8)
  A quokka zombie (D:6)
  22 rats
  2 rat skeletons
  2 fungi (D:7)
215 creatures vanquished.

Vanquished Creatures (collateral kills)
  The ghost of Bubba the Crack Shot, a powerful CeHu of Okawaru (Lair:3)
  2 hydras
  Erica (Lair:6)
  The ghost of Duskembrace the Brawler, an experienced TrMo of Okawaru (D:9)
  3 elephants (Lair:6)
  A black mamba (Lair:5)
  6 spiny frogs
  A fire drake (Lair:5)
  A feature mimic (Lair:2)
  2 komodo dragons
  A troll (D:9)
  2 basilisks
  A boulder beetle (Lair:4)
  12 blink frogs
  A human (D:7)
  A hippogriff (Lair:4)
  30 yaks
  4 nagas (Lair:4)
  4 wolves (Lair:1)
  5 porcupines
  3 water moccasins
  7 ice beasts
  2 black bears
  3 ogres
  2 sky beasts
  A big kobold (D:9)
  15 crocodiles
  3 giant frogs
  2 centaurs
  A crimson imp (D:5)
  A jelly (D:9)
  2 hounds
  3 quasits
  4 iguanas
  12 orc priests
  3 orc wizards
  5 worker ants
  3 sheep (D:7)
  An ogre skeleton (D:6)
  40 green rats
  9 adders
  A goliath beetle zombie (D:6)
  An adder skeleton (D:8)
  An ooze (D:6)
  23 orcs
  3 bats
  2 bat zombies (D:6)
  A goblin (D:6)
  4 hobgoblins
  A jackal (D:4)
  4 kobolds
  4 quokkas
  A giant newt (D:3)
  A hobgoblin zombie (D:6)
  A kobold zombie (D:6)
  2 ballistomycetes (D:7)
  A fungus (Lair:6)
  A plant (Lair:6)
254 creatures vanquished.

Vanquished Creatures (others)
  Fannar (Lair:1)
  A mana viper (Lair:1)
  2 guardian golems (Lair:1)
  2 wolves (D:8)
  22 ice beasts
  A crimson imp (D:8)
  4 hounds
  2 white imps
  An orc (D:7)
  4 quokkas (D:4)
  A giant spore (D:7)
  2 fungi (D:7)
  2 plants (Lair:1)
45 creatures vanquished.

Grand Total: 514 creatures vanquished

Notes
Turn   | Place    | Note
--------------------------------------------------------------
     0 | D:1      | PolkaDot, the Vampire Summoner, began the quest for the Orb.
     0 | D:1      | Reached XP level 1. HP: 13/13 MP: 3/3
   213 | D:1      | Found a snail-covered altar of Cheibriados.
   241 | D:1      | Reached XP level 2. HP: 13/19 MP: 4/4
   353 | D:1      | Learned a level 2 spell: Call Imp
   971 | D:2      | Reached XP level 3. HP: 22/24 MP: 6/6
   976 | D:2      | Learned a level 3 spell: Call Canine Familiar
  1115 | D:2      | Reached skill level 5 in Summonings
  1541 | D:3      | Reached XP level 4. HP: 20/30 MP: 1/7
  1839 | D:3      | Reached skill level 6 in Summonings
  2151 | D:3      | Found a deep blue altar of Sif Muna.
  2347 | D:3      | Became a worshipper of Sif Muna the Loreminder
  2385 | D:4      | Reached XP level 5. HP: 33/35 MP: 9/9
  2466 | D:4      | Noticed a hippogriff
  2514 | D:4      | Killed a hippogriff
  2514 | D:4      | Reached skill level 7 in Summonings
  2519 | D:4      | Reached XP level 6. HP: 18/41 MP: 4/10
  3222 | D:4      | Acquired Sif Muna's first power
  3222 | D:4      | Reached skill level 1 in Shields
  3598 | D:5      | Entered Level 5 of the Dungeon
  3648 | D:5      | Found a glowing drain.
  3673 | Sewer    | Entered a sewer
  3822 | Sewer    | Reached skill level 8 in Summonings
  4121 | D:5      | Found a shimmering altar of Xom.
  4342 | D:5      | Noticed Sigmund
  4373 | D:5      | Killed Sigmund
  4373 | D:5      | Reached XP level 7. HP: 46/46 MP: 10/12
  4742 | D:5      | Learned a level 4 spell: Summon Ice Beast
  4813 | D:6      | Acquired Sif Muna's second power
  5322 | D:6      | Reached skill level 1 in Ice Magic
  5515 | D:6      | Reached skill level 9 in Summonings
  5976 | D:7      | Found a staircase to the Ecumenical Temple.
  6023 | D:7      | Reached XP level 8. HP: 18/52 MP: 9/15
  6162 | D:7      | Found a shattered altar of Ashenzari.
  6162 | D:7      | Found a snail-covered altar of Cheibriados.
  6163 | D:7      | Found a basalt altar of Yredelemnul.
  6168 | D:7      | Found a glowing silver altar of Zin.
  6332 | D:7      | Found a white marble altar of Elyvilon.
  6357 | D:7      | Noticed a yak
  6357 | D:7      | Noticed a human
  6373 | D:7      | Killed a human
  6379 | D:7      | Killed a yak
  6591 | D:7      | Reached skill level 10 in Summonings
  6741 | D:7      | Reached skill level 1 in Invocations
  6896 | D:7      | Found an iron altar of Okawaru.
  7798 | D:8      | Noticed Prince Ribbit
  7844 | D:8      | Reached XP level 9. HP: 49/57 MP: 18/18
  7932 | D:8      | Killed Prince Ribbit
  7946 | D:8      | Learned a level 4 spell: Summon Lightning Spire
  8117 | D:8      | Reached skill level 1 in Air Magic
  8263 | D:8      | Reached skill level 5 in Ice Magic
  8268 | D:8      | Acquired Sif Muna's third power
  8605 | D:8      | Found a staircase to the Lair.
  9486 | D:8      | Reached skill level 11 in Summonings
 10831 | D:9      | Noticed Duskembrace's ghost (experienced TrMo)
 10847 | D:9      | Killed Duskembrace's ghost
 10847 | D:9      | Reached XP level 10. HP: 63/63 MP: 3/21
 10953 | D:9      | Learned a level 4 spell: Summon Guardian Golem
 11022 | D:9      | Reached skill level 5 in Air Magic
 11625 | Lair:1   | Entered Level 1 of the Lair of Beasts
 11631 | Lair:1   | Reached skill level 1 in Hexes
 12379 | Lair:1   | Reached skill level 5 in Hexes
 12510 | Lair:1   | Received a gift from Sif Muna
 12867 | Lair:1   | Learned a level 5 spell: Summon Mana Viper
 12890 | Lair:1   | Noticed Fannar
 12918 | Lair:1   | Killed Fannar
 13004 | Lair:1   | Noticed a five-headed hydra
 13017 | Lair:1   | Killed a five-headed hydra
 13017 | Lair:1   | Reached skill level 1 in Staves
 13743 | Lair:2   | Reached XP level 11. HP: 66/68 MP: 10/22
 14214 | Lair:2   | Noticed an eight-headed hydra
 14228 | Lair:2   | Killed an eight-headed hydra
 14352 | Lair:2   | Reached skill level 12 in Summonings
 14851 | Lair:3   | Reached skill level 5 in Spellcasting
 15203 | Lair:3   | Noticed Bubba's ghost (powerful CeHu)
 15213 | Lair:3   | Killed Bubba's ghost
 15791 | Lair:3   | Learned a level 3 spell: Regeneration
 16385 | Lair:4   | Reached skill level 1 in Charms
 17013 | Lair:4   | Found a staircase to the Snake Pit.
 17794 | Lair:5   | Reached skill level 1 in Necromancy
 17873 | Lair:5   | Received a gift from Sif Muna
 17880 | Lair:5   | Identified Sif Muna's Incunabulum of Cold {god gift} (Sif Muna gifted it to you on level 5 of the Lair of Beasts)
 18099 | Lair:5   | Got an ancient robe
 18110 | Lair:5   | Identified the cursed +0 robe "Iklos" {Slay+5} (You found it on level 5 of the Lair of Beasts)
 18141 | Lair:5   | Got a shimmering long sword
 18142 | Lair:5   | Identified the +4 long sword of Conflict {antimagic, +Inv SInv} (You found it on level 5 of the Lair of Beasts)
 18345 | Lair:6   | Reached skill level 5 in Charms
 18711 | Lair:6   | Reached XP level 12. HP: 43/74 MP: 10/25
 18770 | Lair:6   | Noticed Erica
 18783 | Lair:6   | Killed Erica
 19137 | Lair:6   | Noticed an eight-headed hydra
 19143 | Lair:6   | Mangled by an eight-headed hydra

Action                   |  1- 3 |  4- 6 |  7- 9 | 10-12 || total
-------------------------+-------+-------+-------+-------++-------
Melee: Club              |    51 |       |       |       ||    51
       Unarmed           |    25 |       |       |       ||    25
       Dagger            |    38 |   220 |   489 |   133 ||   880
       Short sword       |    59 |    41 |       |       ||   100
       Quarterstaff      |       |       |       |   288 ||   288
       Staff             |       |       |       |    52 ||    52
 Cast: Summon Small Mamm |    11 |     4 |       |       ||    15
       Call Imp          |     4 |    18 |     8 |       ||    30
       Call Canine Famil |     4 |     8 |    28 |     7 ||    47
       Summon Ice Beast  |       |       |    85 |   135 ||   220
       Summon Lightning  |       |       |     4 |     9 ||    13
       Summon Guardian G |       |       |       |     6 ||     6
       Summon Mana Viper |       |       |       |    38 ||    38
       Regeneration      |       |       |       |     2 ||     2
Invok: Channel Energy    |       |     6 |   102 |   209 ||   317
       Forget Spell      |       |       |       |     1 ||     1
 Abil: Bottle Blood      |       |    10 |    13 |    11 ||    34
Evoke: Wand              |       |       |       |     7 ||     7
  Use: Potion            |     1 |    14 |    22 |    11 ||    48
       Scroll            |       |    11 |     8 |     6 ||    25
 Stab: Sleeping          |     3 |     7 |    12 |     6 ||    28
       Distracted        |     1 |     4 |     3 |     6 ||    14
       Invisible         |       |     3 |       |       ||     3
  Eat: Corpse            |    15 |    21 |    34 |    60 ||   130
